[Event "American Cup Open Champions 2024"]
[Site "Saint Louis"]
[Date "2024.03.20"]
[Round "4.3"]
[White "Aronian, Levon"]
[Black "So, Wesley"]
[Result "1/2-1/2"]
[ECO "C54"]
[WhiteElo "2722"]
[BlackElo "2757"]
[Annotator "TA"]
[PlyCount "81"]
[EventDate "2024.03.11"]
[EventType "k.o."]
[EventCountry "USA"]
[SourceTitle "playchess.com"]
[Source "ChessBase"]
[SourceQuality "1"]
[TimeControl "5400+30"]

1. e4 e5 2. Nf3 Nc6 3. Bc4 Bc5 4. O-O Nf6 5. d3 O-O 6. Nbd2 d6 7. c3 a5 8. Re1 Be6 9. Bb5 Qb8 10. Nf1 Qa7 11. Be3 Bxe3 12. Nxe3 Ne7 13. a4 Ng6 14. Bc4 Bxc4 (14... Nf4 {keeps more tension.} 15. Bxe6 fxe6 16. Nc4 Nd7) 15. Nxc4 Qa6 16. g3 Nxe4 17. Rxe4 {[%emt 0:00:54] [#] Re1 is the strong threat.} d5 18. Rxe5 {[%emt 0:00:24] The position is equal.} dxc4 19. Re3 cxd3 20. Qxd3 Qxd3 21. Rxd3 Rfd8 22. Rad1 Rxd3 23. Rxd3 $11 {[%emt 0:00:05][%mdl 4096] Endgame. KRN-KRN} Nf8 24. Nd4 g6 25. Kf1 Ra6 26. Ke2 Rb6 27. b4 axb4 28. a5 Ra6 29. cxb4 c5 $1 30. bxc5 {[%emt 0:00:12] Strongly threatening Nb3.} Rxa5 31. c6 bxc6 32. Nxc6 Rc5 33. Nd4 {[%emt 0:00:16] Prevents Rc2+} Kg7 34. h4 h5 35. Nf3 Ne6 36. Nd4 Nxd4+ 37. Rxd4 Rc7 38. Rd3 Rc5 39. Rd4 Rc7 40. Rd3 Rc5 41. Rd4 {[%emt 0:00:16] A rather calm draw.   Weighted Error Value: White=0.02 (flawless) /Black=0.01 (flawless) .  OK:         	White=10    	Black=22     Best:        	White=2     	Black=2      Strong:       	---       	Black=1} 1/2-1/2

[Event "American Cup Open Champions 2024"]
[Site "Saint Louis"]
[Date "2024.03.20"]
[Round "4.4"]
[White "So, Wesley"]
[Black "Aronian, Levon"]
[Result "0-1"]
[ECO "E32"]
[WhiteElo "2757"]
[BlackElo "2722"]
[Annotator "TA"]
[PlyCount "72"]
[EventDate "2024.03.11"]
[EventType "k.o."]
[EventCountry "USA"]
[SourceTitle "playchess.com"]
[Source "ChessBase"]
[SourceQuality "1"]
[TimeControl "900+10"]

1. d4 Nf6 2. c4 e6 3. Nc3 Bb4 4. Qc2 O-O 5. e4 c5 6. e5 $1 cxd4 7. a3 $1 Ba5 8. exf6 dxc3 {[%emt 0:00:04] White is better.} 9. b4 {[%emt 0:00:01] [#] fxg7 would now be deadly.} Bc7 10. fxg7 (10. Qxc3 Qxf6 11. Qxf6 gxf6 $15) 10... Re8 11. Nf3 (11. Bd3 $16) 11... d5 (11... Qf6 $1 $11 {keeps the balance.}) 12. Qxc3 (12. Bg5 $16 Qd7 13. Be3 (13. Qxc3 Nc6 $11)) 12... e5 $14 13. cxd5 {[%emt 0:01:52] Strongly threatening Bb5.} e4 $1 14. Nd4 Be5 (14... Kxg7 15. Nf5+ (15. Ne6+ Kg6 16. Qg7+ Kh5 17. Be2+ Kh4 18. Qxh7#) 15... Kg6 16. Qg7+ Kxf5 17. g4#) 15. Bb2 Nd7 (15... a5 $11) 16. Bb5 {[%emt 0:02:05] And now 0-0 would win.} a6 17. Bxd7 (17. Ba4 $14) 17... Bxd7 $11 18. O-O ({Better is} 18. Qe3 $11) 18... Qh4 (18... Kxg7 $2 {perishes.} 19. Qd2 $18) ({Black should play} 18... Bb5 $1 $15 19. Rfd1 Bd3) 19. g3 Qh3 {[%emt 0:00:31][%cal Od7g4] [#] Threatens to win with ...Bg4!} 20. f4 Bf6 {[%emt 0:02:52][%cal Oe4e3] This pair of bishops is nice.} 21. Qe3 (21. Qb3 $16) 21... Bg4 22. Rf2 Rad8 23. Nb3 Rxd5 24. Re1 $1 (24. Bxf6 $2 {too greedy.} Rd3 25. Re1 Rxe3 26. Rxe3 Qh6 $19) 24... Bxb2 25. Rxb2 Qh6 26. Rd2 {[%emt 0:00:15] Inhibits Rd3.} Qd6 27. Rxd5 Qxd5 28. Nd2 $1 Bf5 29. Nf1 Bh3 ({Much worse is} 29... Kxg7 $6 30. Qc3+ Kg8 31. Ne3 $16) 30. Nd2 Re6 $36 {[%emt 0:01:03][%mdl 2048] Black has good play.} 31. Rc1 Kxg7 32. Rc5 Qd3 33. Rg5+ Kf8 {[%emt 0:01:11] The board is on fire.} 34. Qc5+ (34. Qxd3 $11 exd3 35. Re5) 34... Rd6 $19 {[%emt 0:00:03] Active counter play!} 35. Rh5 Qxd2 36. Rxh3 b6 {[%emt 0:00:09] Weighted Error Value: White=0.38/Black=0.14 (very precise) .  Loses game:     	White=1     	---        Mistake:       	White=5     	Black=3      Inaccurate:     	White=1     	Black=2      OK:         	White=10    	Black=15     Best:        	White=1     	Black=2      Strong:       	White=3     	Black=1} 0-1